Map: Acid Plant LE

Players

HeRoMaRinE

  • Race: Terran Terran
  • Spawn Location: 5:00

Neeb - Winner!

  • Race: Protoss Protoss
  • Spawn Location: 11:00

Event: WCS Leipzig 2018

VOD

Have the link to the VOD?

Description

Time

  • Played on: Jan. 27, 2018, 4:33 a.m.
  • Length: 12:51

All games in this series

Show
View Real Time Build Order
Export as new Build Order

HeRoMaRinE Terran 

Build Orders: Gas First Reaper Expand, Reaper Expand, Bio Tank 

Get SALT Encoding   

  12  0:00  SCV  
  13  0:12  SCV  
  14  0:17  Supply Depot  
  14  0:25  SCV  
  15  0:29  Refinery  
  15  0:38  SCV  
  16  0:44  Barracks  
  16  0:50  SCV  
  17  1:02  SCV  
  18  1:15  SCV  
  19  1:31  Orbital Command, Reaper  
  20  1:45  Command Center  
  20  1:59  SCV  
  21  2:02  Factory  
  21  2:08  Barracks Reactor  
  21  2:11  SCV  
  22  2:16  Supply Depot  
  22  2:23  SCV  
  23  2:30  Bunker  
  23  2:34  Refinery  
  23  2:38  SCV  
  24  2:49  Starport  
  24  2:50  SCV  
  25  2:52  Hellion x2  
  29  3:00  Orbital Command  
  29  3:02  SCV  
  30  3:06  Barracks Tech Lab  
  30  3:07  Orbital Command  
  30  3:14  SCV  
  30  3:15  Widow Mine x2  
  35  3:26  SCV, Medivac  
  38  3:29  Supply Depot  
  38  3:33  SCV  
  39  3:37  Widow Mine  
  39  3:38  SCV, Widow Mine  
  44  3:45  SCV, Barracks Tech Lab  
  45  3:50  SCV  
  46  4:00  Command Center  
  46  4:03  SCV x2  
  48  4:10  Barracks Tech Lab  
  48  4:13  Barracks  
  49  4:17  SCV x2, Barracks  
  49  4:21  Starport Reactor  
  50  4:25  Siege Tank  
  50  4:29  Supply Depot  
  53  4:34  Engineering Bay  
  53  4:36  SCV  
  54  4:51  SCV x2, Marine  
  57  4:59  Siege Tank  
  60  5:01  Refinery x2  
  60  5:03  SCV x2  
  56  5:10  Marine  
  56  5:11  Marine  
  56  5:12  Starport Reactor  
  56  5:14  Orbital Command  
  58  5:15  SCV x2  
  58  5:19  Marine  
  61  5:22  Stimpack  
  61  5:26  Terran Infantry Weapons Level 1  
  61  5:27  SCV  
  61  5:28  SCV, Marine x2  
  64  5:30  Marine x2  
  67  5:39  SCV  
  67  5:40  SCV  
  67  5:41  Supply Depot  
  67  5:42  SCV  
  70  5:44  Missile Turret  
  70  5:45  Marine  
  70  5:46  Marine x2  
  70  5:49  Siege Tank  
  76  5:52  Marine  
  76  5:54  Missile Turret  
  77  5:57  Orbital Command  
  77  6:02  Medivac x2, Marine  
  77  6:04  Supply Depot  
  82  6:05  Supply Depot  
  82  6:08  Marine x2  
  82  6:10  Marine  
  85  6:14  Marine  
  85  6:16  SCV  
  85  6:25  SCV, Marine, Barracks  
  87  6:26  Supply Depot, Marine x2  
  87  6:27  Barracks  
  87  6:28  SCV x2  
  87  6:31  Marine  
  87  6:32  Marine  
  92  6:37  SCV  
  93  6:40  SCV x2, Siege Tank  
  98  6:48  Medivac x2  
  98  6:49  SCV, Supply Depot  
  98  6:52  Supply Depot  
  103  6:55  SCV  
  103  6:56  SCV, Supply Depot  
  103  6:58  Marine x4  
  103  7:00  Liberator  
  103  7:01  Liberator  
  109  7:02  Supply Depot  
  109  7:03  Supply Depot  
  109  7:07  Refinery  
  109  7:11  Marine  
  110  7:16  Siege Tank  
  110  7:20  Barracks Reactor  
  110  7:21  Supply Depot  
  110  7:22  SCV, Combat Shields  
  120  7:23  SCV  
  120  7:24  SCV  
  120  7:28  Barracks Reactor  
  122  7:30  Marine x3  
  122  7:32  Marine x2  
  128  7:37  SCV x3  
  128  7:41  Supply Depot  
  128  7:43  Liberator  
  130  7:46  Supply Depot  
  130  7:47  Marine  
  130  7:48  Marine x2, Siege Tank  
  130  7:49  Liberator  
  130  7:50  Marine x2  
  138  7:59  Marine x2  
  138  8:01  Terran Infantry Armor Level 1  
  138  8:05  Marine x2  
  143  8:06  Supply Depot, Marine  
  143  8:07  Marine  
  143  8:08  Marine  
  143  8:12  Marine  
  152  8:13  Supply Depot, Marine  
  152  8:17  Marine x2  
  153  8:22  Missile Turret  
  153  8:25  Marine x3  
  153  8:26  Liberator, Siege Tank  
  153  8:27  Marine x2  
  159  8:30  Supply Depot, Marine x2  
  159  8:32  Liberator  
  163  8:34  Marine x2  
  147  8:48  Marine  
  147  8:49  Marine x2  
  147  8:51  Marine  
  147  8:54  Marine x3  
  122  8:56  Marine x2  
  122  8:58  Siege Tank  
  119  9:06  Marine x2  
  119  9:07  Marine  
  119  9:09  Liberator, Marine  
  109  9:12  Marine x3  
  109  9:14  Marine x2  
  103  9:19  SCV x3, Liberator  
  106  9:24  Marine x3  
  106  9:27  Marine  
  106  9:29  Refinery, Marine  
  106  9:30  Marine x2, Siege Tank  
  119  9:32  Marine x2  
  119  9:35  Factory  
  124  9:42  Marine x3  
  124  9:44  Marine  
  128  9:47  Marine x2  
  128  9:48  Marine  
  128  9:49  Marine  
  128  9:50  Marine  
  128  9:52  Liberator  
  133  10:00  Marine x3  
  133  10:01  Liberator  
  133  10:02  Marine  
  133  10:03  Siege Tank  
  133  10:05  Marine x3  
  143  10:07  Marine x2  
  148  10:18  Marine x3  
  148  10:20  Marine  
  155  10:23  Factory Tech Lab, Marine x3  
  155  10:25  Marine  
  159  10:28  Marine  
  159  10:30  Armory  
  159  10:32  Engineering Bay  
  159  10:34  Liberator  
  159  10:35  Siege Tank, Marine x2  
  163  10:42  Marine x2  
  151  10:44  Liberator, Marine  
  151  10:45  Marine  
  151  10:47  Marauder, Marine  
  151  10:48  Marine  
  139  10:51  Siege Tank  
  139  10:53  Marine x2  
  145  11:01  Marine x2  
  145  11:07  Siege Tank  
  145  11:08  Marine x2  
  145  11:09  Marauder  
  149  11:17  Liberator, Marine x2  
  151  11:21  Marine x2  
  151  11:23  Siege Tank  
  156  11:39  Siege Tank  
  162  11:40  Marauder  
  162  11:44  Marine x2  
  162  11:45  Marine x2  
  148  11:48  Marine x2  
  148  11:52  Marine  
  148  11:53  Marine  
  152  11:55  Siege Tank  
  152  12:01  Marine  
  152  12:02  Marine x2  
  152  12:03  Marine  
  152  12:05  Marine  
  152  12:06  Marine x2  
  138  12:10  Marine  
  138  12:11  Siege Tank  
  122  12:16  Marine  
  122  12:19  Marine x2  
  122  12:20  Marine  
  122  12:22  Marine  
  123  12:23  Marine  
  123  12:24  Marine  
  123  12:25  Marine  
  123  12:28  Marine  
Show
View Real Time Build Order
Export as new Build Order

Neeb Protoss - Winner!

Build Orders: 1 Gate Expand, Colossus Rush 

Get SALT Encoding   

  12  0:00  Probe  
  13  0:12  Probe  
  14  0:17  Pylon  
  14  0:24  Probe (Chrono Boost)  
  15  0:37  Probe (Chrono Boost)  
  15  0:38  Gateway  
  16  0:45  Probe (Chrono Boost)  
  16  0:48  Assimilator  
  17  0:51  Probe  
  18  1:03  Probe  
  19  1:15  Probe  
  20  1:22  Nexus  
  20  1:32  Cybernetics Core  
  20  1:36  Probe  
  21  1:40  Assimilator  
  21  1:48  Probe  
  21  1:49  Pylon  
  22  2:00  Probe  
  23  2:09  Adept (Chrono Boost)  
  23  2:11  Warp Gate  
  23  2:12  Probe (Chrono Boost)  
  27  2:23  Probe (Chrono Boost), Pylon  
  27  2:28  Probe (Chrono Boost), Stalker  
  28  2:34  Probe (Chrono Boost)  
  30  2:37  Robotics Facility  
  31  2:45  Probe (Chrono Boost)  
  31  2:46  Probe (Chrono Boost)  
  32  2:52  Probe (Chrono Boost)  
  32  2:54  Probe (Chrono Boost)  
  32  2:58  Stalker  
  36  3:00  Probe  
  36  3:04  Probe  
  38  3:12  Probe  
  39  3:13  Gateway  
  39  3:17  Gateway  
  39  3:18  Probe  
  40  3:22  Shield Battery  
  40  3:27  Observer (Chrono Boost)  
  40  3:28  Probe  
  40  3:30  Probe  
  43  3:40  Probe  
  43  3:41  Observer, Pylon  
  46  3:43  Probe  
  46  3:49  Pylon  
  46  3:54  Pylon  
  46  3:58  Assimilator  
  46  3:59  Probe x2, Assimilator  
  49  4:03  Observer  
  49  4:08  Robotics Bay  
  49  4:09  Forge  
  49  4:11  Probe  
  49  4:12  Probe  
  51  4:23  Probe  
  51  4:24  Probe, Stalker x2  
  57  4:33  Observer  
  57  4:35  Probe, Stalker  
  57  4:36  Probe  
  62  4:40  Pylon  
  62  4:47  Probe  
  62  4:48  Probe  
  62  4:59  Probe  
  61  5:00  Probe  
  61  5:01  Stalker, Protoss Ground Weapons Level 1 (Chrono Boost)  
  63  5:15  Nexus  
  63  5:16  Probe  
  63  5:19  Probe  
  63  5:20  Pylon  
  65  5:26  Colossus (Chrono Boost)  
  65  5:28  Probe  
  66  5:31  Probe  
  73  5:40  Probe  
  73  5:41  Sentry  
  76  5:44  Probe  
  77  5:51  Twilight Council  
  77  5:52  Probe  
  77  5:53  Gateway  
  77  5:55  Gateway  
  77  5:56  Probe  
  79  6:04  Probe  
  79  6:08  Probe  
  79  6:10  Extended Thermal Lance  
  81  6:11  Colossus (Chrono Boost)  
  81  6:16  Probe  
  86  6:23  Pylon  
  86  6:24  Pylon  
  86  6:26  Probe  
  86  6:27  Probe  
  86  6:28  Probe  
  89  6:32  Charge (Chrono Boost)  
  89  6:33  Protoss Ground Armor Level 1 (Chrono Boost)  
  89  6:38  Probe  
  89  6:39  Probe  
  91  6:41  Probe  
  91  6:45  Gateway  
  91  6:46  Gateway  
  92  6:50  Pylon  
  92  6:52  Gateway  
  92  6:56  Gateway  
  92  7:01  Colossus  
  98  7:08  Probe  
  98  7:09  Probe x2, Assimilator  
  98  7:13  Templar Archives  
  98  7:14  Assimilator  
  101  7:22  Pylon  
  101  7:23  Pylon  
  101  7:25  Probe x2  
  101  7:26  Probe  
  104  7:32  Forge  
  104  7:35  Pylon  
  104  7:36  Zealot x3  
  110  7:37  Probe  
  111  7:45  Pylon  
  111  7:48  Observer  
  111  7:49  Pylon  
  111  7:51  High Templar x2, Zealot x3  
  121  8:00  Nexus  
  121  8:04  Observer  
  121  8:05  Protoss Ground Weapons Level 2 (Chrono Boost)  
  121  8:06  Pylon  
  119  8:14  Zealot x3  
  119  8:15  Protoss Ground Armor Level 2 (Chrono Boost)  
  125  8:26  Zealot x6  
  137  8:31  Archon  
  137  8:37  Zealot x3  
  137  8:40  Immortal  
  134  8:55  Stalker x6  
  107  9:04  Psionic Storm  
  107  9:07  Probe  
  107  9:08  Probe  
  109  9:16  Stalker x3  
  107  9:18  Probe x2  
  107  9:19  Probe, Immortal (Chrono Boost)  
  114  9:24  High Templar x2  
  114  9:27  High Templar x2  
  114  9:28  Zealot  
  124  9:39  Stalker x3  
  130  9:47  Gateway  
  130  9:48  Gateway  
  130  9:49  Observer (Chrono Boost)  
  131  9:54  Stalker x2  
  131  9:57  Blink  
  135  10:02  Stalker x2  
  135  10:03  Stalker  
  135  10:04  Zealot  
  143  10:11  Pylon  
  143  10:15  Zealot  
  143  10:18  Protoss Ground Armor Level 3 (Chrono Boost)  
  143  10:20  Zealot x4  
  153  10:25  Assimilator  
  153  10:26  Assimilator  
  153  10:30  Zealot x2  
  153  10:31  Zealot, Protoss Ground Weapons Level 3 (Chrono Boost)  
  127  10:55  Nexus  
  127  10:56  Immortal  
  127  10:57  Pylon  
  131  10:58  High Templar, Sentry x2  
  131  11:01  Zealot x4  
  145  11:07  High Templar  
  145  11:09  Zealot x3  
  153  11:11  Probe x2  
  153  11:13  Probe  
  153  11:14  Probe  
  157  11:18  Pylon  
  157  11:25  Stalker x3  
  163  11:30  Stalker x2  
  167  11:41  Pylon  
  159  11:47  Stalker x4  
  159  11:48  High Templar x2  
  171  11:57  Zealot x5  
  169  12:13  Stalker x4  
  173  12:18  Stalker x2  
  176  12:24  Stalker x2  
  174  12:39  High Templar x3  
  174  12:40  High Templar, Zealot x3  
  174  12:43  Archon  
  174  12:44  Archon  
Tags
 
Add a new tag
Caveats
  • Supply blocks, unpowered buildings, or Contaminate may cause inaccurate times.
  • Supply counts are checked every 10 seconds.